 Dungeon Crawl Stone Soup version 0.29.1-2-gbd0b4ee654 (webtiles) character file.

Game seed: 7248401590268077302

96 sanboga the Chopper (level 4, -2/41 HPs)
             Began as a Minotaur Monk on Nov 10, 2022.
             Killed from afar by Ijyb (8 damage)
             ... with a puff of flame
             ... on level 3 of the Dungeon.
             The game lasted 00:02:08 (1613 turns).

sanboga the Chopper (Minotaur Monk)                 Turns: 1613, Time: 00:02:08

Health: -2/41      AC:  2    Str: 17    XL:     4   Next: 41%
Magic:  3/3        EV: 13    Int:  7    God:
Gold:   177        SH:  0    Dex: 13    Spells: 3/3 levels left

rFire   . . .      SeeInvis +   a - +0 hand axe
rCold   . . .      Faith    .   (no shield)
rNeg    . . .      Spirit   .   b - +0 robe
rPois   .          Reflect  .   (helmet restricted)
rElec   .          Harm     .   (no cloak)
rCorr   .          Rampage  .   (no gloves)
Will    .....                   (no boots)
Stlth   +.........              (no amulet)
HPRegen 0.13/turn               u - ring of see invisible
MPRegen 0.08/turn               q - +4 ring of slaying

@: confused, ambrosia-drunk
A: horns 2, retaliatory headbutt
a: no special abilities


You were on level 3 of the Dungeon.
You visited 1 branch of the dungeon, and saw 3 of its levels.

You collected 177 gold pieces.

Inventory:

Hand Weapons
 a - a +0 hand axe (weapon)
Armour
 b - a +0 robe (worn)
Jewellery
 q - a +4 ring of slaying (right hand)
 u - a ring of see invisible (left hand)
Scrolls
 f - a scroll of identify {unknown}
 g - 2 scrolls of teleportation
 j - a scroll of immolation {unknown}
 l - a scroll of magic mapping {unknown}
 m - a scroll of enchant armour {unknown}
 n - a scroll of enchant weapon {unknown}
Potions
 c - a potion of ambrosia
 d - 3 potions of heal wounds {unknown}
 e - 2 potions of magic {unknown}
 h - a potion of flight {unknown}
 k - a potion of cancellation {unknown}
 o - a potion of haste {unknown}
 p - a potion of lignification {unknown}
 r - 2 potions of attraction {unknown}
 s - a potion of curing {unknown}
 t - a potion of might {unknown}


   Skills:
 + Level 4.5 Fighting
 * Level 5.1 Axes
 + Level 2.3 Armour
 - Level 3.2 Dodging
 - Level 1.5 Stealth


You had 3 spell levels left.
You didn't know any spells.
Your spell library was empty.

Dungeon Overview and Level Annotations

Branches:
Dungeon (3/15)

Altars:

Annotations:
D:3 Ijyb


Innate Abilities, Weirdness & Mutations

You have a pair of horns on your head.
You reflexively headbutt those who attack you in melee.


Message History

You hit Ijyb.
Ijyb is heavily wounded.
Ijyb closely misses you.
You barely miss Ijyb.
Ijyb is heavily wounded.
Ijyb hits you with a +0 dagger.
Ijyb zaps a wand.
The puff of flame hits you.
You barely miss Ijyb. You headbutt Ijyb, but do no damage.
Ijyb is heavily wounded.
You barely miss the orc. The orc misses you. You furiously retaliate!
You headbutt the orc. Ijyb barely misses you.
You hit Ijyb but do no damage.
Ijyb is heavily wounded.
You barely miss the orc. The orc hits you with a +0 hand axe.
Ijyb hits you with a +0 dagger.
You are too injured to fight recklessly!
You are too injured to fight recklessly!
You are too injured to fight recklessly!
You are too injured to fight recklessly!
You are too injured to fight recklessly!
You are too injured to fight recklessly!
You closely miss Ijyb.
Ijyb is heavily wounded.
You hit the orc but do no damage. The orc misses you.
Ijyb zaps a wand.
The puff of flame hits you!
* * * LOW HITPOINT WARNING * * *
You hit Ijyb but do no damage.
Ijyb is heavily wounded.
You hit the orc but do no damage. The orc misses you.
Ijyb screams, "Me stronger than you!" Ijyb barely misses you.
You hit Ijyb.
Ijyb is heavily wounded.
You hit the orc.
You kill the orc!
Ijyb screams, "I cut your head off!"
Ijyb zaps a wand.
The puff of flame hits you!
* * * LOW HITPOINT WARNING * * *
You are confused.
You feel invigorated.
Ijyb zaps a wand.
The puff of flame hits you!
You die...

o# #.# # #o#.# #.#.
### #>. ... # #.#
#.##+#.# #.#######.#
#......#
#.....g@).####.)....#
#########...##......#
###...#####.#
###..####.#
#<.......#
####=########
#####.###.....
#.............
#.#####^#.....


You could see Ijyb.

Vanquished Creatures
  2 adders (D:2)
  A worm (D:2)
  3 dart slugs
  3 orcs (D:3)
  9 bats
  6 endoplasms
  4 hobgoblins
  8 kobolds
  3 quokkas (D:1)
  13 ball pythons
  2 frilled lizards
  4 goblins
  6 rats
64 creatures vanquished.

Notes
Turn   | Place    | Note
-------+----------+-------------------------------------------
     0 | D:1      | sanboga the Minotaur Monk began the quest for the Orb.
     0 | D:1      | Reached XP level 1. HP: 19/19 MP: 0/0
   105 | D:1      | Found a faded altar of an unknown god.
   162 | D:1      | Reached skill level 4 in Axes
   162 | D:1      | Reached XP level 2. HP: 27/27 MP: 1/1
   216 | D:1      | Reached skill level 1 in Armour
   665 | D:1      | Reached XP level 3. HP: 33/33 MP: 2/2
  1105 | D:2      | Reached XP level 4. HP: 37/41 MP: 3/3
  1226 | D:2      | Reached skill level 5 in Axes
  1600 | D:3      | Noticed Ijyb
  1612 | D:3      | HP: 2/41 [Ijyb/puff of flame (7)]
  1613 | D:3      | Killed from afar by Ijyb

Illustrated notes

Levels and vault maps discovered:
D:1:      dpeg_arrival_court, layout_rooms,
          shapermc_ecumenical_altar_mp_highgroup, minmay_cut_off
D:2:      layout_rooms
D:3:      layout_basic, ebering_ghost_sewer_f, chequers_serial_rivers_small_3,
          uniq_ijyb, uniq_terence, uniq_jessica

Skill      XL: |  1  2  3  4 |
---------------+-------------+-----
Axes           | 4 5 |  5.1
Armour         | 1 2 |  2.3
Fighting       | 4 |  4.5
Dodging        | |  3.2
Stealth        | |  1.5

Action                   |  1- 3 |  4- 6 || total
-------------------------+-------+-------++-------
Melee: Hand axe          |    73 |    46 ||   119
       Headbutt          |     8 |     6 ||    14
       Punch             |     1 |       ||     1
  Use: Scroll            |       |     1 ||     1
       Potion            |       |     1 ||     1
 Stab: Sleeping          |     6 |     3 ||     9
Armor: Robe              |    17 |     6 ||    23
Dodge: Dodged            |    67 |    28 ||    95
